 Dungeon Crawl Stone Soup version 0.23.2-40-g277498a001 (webtiles) character file.

Game seed: 5038412555140322350

93 Martska the Ducker (level 4, -2/33 HPs)
             Began as a Merfolk Ice Elementalist on Oct 1, 2019.
             Slain by an orc
             ... wielding a +4 hand axe
              (9 damage)
             ... on level 2 of the Dungeon.
             The game lasted 00:11:26 (3139 turns).

Martska the Ducker (Merfolk Ice Elementalist)       Turns: 3139, Time: 00:11:27

Health: -2/33      AC:  3    Str:  6 (8)  XL:     4   Next: 61%
Magic:  2/7        EV: 13    Int: 11 (14) God:
Gold:   87         SH:  6    Dex: 14 (15) Spells: 1/7 levels left

rFire    . . .     SeeInvis .   e - +0 spear
rCold    . . .     Gourm    .   (no shield)
rNeg     . . .     Faith    .   p - +0 leather armour
rPois    .         Spirit   .   (no helmet)
rElec    .         Reflect  +   (no cloak)
rCorr    .         Harm     .   (no gloves)
MR       .....                  (no boots)
Stlth    ++........             r - +6 amulet of reflection
HPRegen  0.11/turn              (no ring)
MPRegen  0.10/turn              (no ring)

@: no status effects
A: change form in water, swift swim, stealthy swim
a: no special abilities


You were on level 2 of the Dungeon.
You were not hungry.

You visited 1 branch of the dungeon, and saw 3 of its levels.

You collected 87 gold pieces.

Inventory:

Hand Weapons
 e - a +0 spear (weapon)
Armour
 a - a +0 robe
 p - a +0 leather armour (worn)
Jewellery
 g - an uncursed amulet of faith
 m - an uncursed amulet of the gourmand {unknown}
 n - an uncursed ring of attention
 r - a +6 amulet of reflection (around neck)
Scrolls
 f - a scroll of immolation
 h - 2 scrolls of teleportation
 i - a scroll of amnesia
 q - a scroll of enchant weapon {unknown}
Potions
 d - a potion of cancellation {unknown}
 j - a potion of agility {unknown}
 k - a potion of brilliance {unknown}
 l - a potion of mutation {unknown}
 o - a potion of curing {unknown}
Comestibles
 c - 2 rations


   Skills:
 * Level 1.7 Fighting
 * Level 2.4 Polearms
 * Level 3.6 Dodging
 - Level 2.1 Stealth
 + Level 2.4 Spellcasting
 - Level 0.7 Conjurations
 + Level 1.2 Charms
 + Level 3.6 Ice Magic


You had one spell level left.
You knew the following spells:

 Your Spells              Type           Power        Failure   Level  Hunger
a - Freeze                Ice            #...         10%         1    ##.....
b - Throw Frost           Conj/Ice       #.....       26%         2    ###....
c - Ozocubu's Armour      Chrm/Ice       #.......     43%         3    ####...

Your spell library contained the following spells:

 Spells                   Type           Power        Failure   Level  Hunger
 Throw Icicle             Conj/Ice       #.......     87%         4    #####..
 Summon Ice Beast         Ice/Summ       #.......     90%         4    #####..


Dungeon Overview and Level Annotations

Branches:
Dungeon (3/15)

Altars:


Message History

The orc is almost dead.
The orc barely misses you.
You hit the orc.
You kill the orc!
You feel sick.
You are no longer poisoned.
The orc hits you with a +4 hand axe.
* * * LOW HITPOINT WARNING * * *
It was a potion of degeneration.
There was something very wrong with that liquid.
You feel weakened.
You feel dopey.
You feel clumsy.
You see here a rat corpse.
The orc misses you. You block the orc's attack.
There is a stone staircase leading up here.
You block the orc's attack. The orc barely misses you.
You climb upwards.
There is a stone staircase leading down here.
The orc hits you with a +4 hand axe!
You die...

################## #########
#................# #...#....
#.##############.# #...#....
#.####### #.# #........
#.......# #.# ##.......
###.....# ####.### #.......
#......# #@o....# #.......
#......# ##o####.####.......
#......####..........'......)
#.........#..####..###.......
#......##.#..........'.......
#......##.#...####..##.......
##.....##.#.#.# ##.##.......
#....###.###.# #..####...#
########.....## ##.# #...#


You could see 2 orcs.

Vanquished Creatures
  2 adders (D:3)
  A worm (D:2)
  2 dart slugs
  3 leopard geckos
  2 orcs (D:3)
  A ball python (D:3)
  4 giant cockroaches
  4 goblins
  10 hobgoblins
  3 jackals (D:1)
  A quokka (D:3)
  5 bats (D:1)
  A frilled lizard (D:3)
  9 kobolds
  11 rats
59 creatures vanquished.

Notes
Turn   | Place    | Note
-------+----------+-------------------------------------------
     0 | D:1      | Martska the Merfolk Ice Elementalist began the quest for
                  | the Orb.
     0 | D:1      | Reached XP level 1. HP: 13/13 MP: 3/3
   165 | D:1      | Reached skill level 1 in Polearms
   165 | D:1      | Reached XP level 2. HP: 13/20 MP: 0/5
   977 | D:1      | Reached skill level 1 in Fighting
  1170 | D:1      | Reached XP level 3. HP: 26/26 MP: 3/6
  1546 | D:1      | Learned a level 2 spell: Throw Frost
  1550 | D:1      | Learned a level 3 spell: Ozocubu's Armour
  2552 | D:3      | Reached XP level 4. HP: 32/32 MP: 2/7
  2725 | D:3      | Reached skill level 1 in Charms
  3139 | D:2      | Slain by an orc

Skill      XL: |  1  2  3  4 |
---------------+-------------+-----
Dodging        | 3 |  3.6
Polearms       | 1 2 |  2.4
Fighting       | 1 |  1.7
Charms         | 1 |  1.2
Stealth        | |  2.1
Spellcasting   | |  2.4
Conjurations   | |  0.7
Ice Magic      | |  3.6

Action                   |  1- 3 |  4- 6 || total
-------------------------+-------+-------++-------
Melee: Spear             |    44 |    35 ||    79
       Unarmed           |     2 |       ||     2
 Cast: Freeze            |    46 |    18 ||    64
       Throw Frost       |    16 |     2 ||    18
  Use: Scroll            |     5 |       ||     5
       Potion            |       |     1 ||     1
 Stab: Sleeping          |     1 |     2 ||     3
  Eat: Chunk             |     1 |       ||     1
       Ration            |     2 |     1 ||     3
Armor: Robe              |    14 |       ||    14
       Leather armour    |       |     9 ||     9
Dodge: Dodged            |    62 |    32 ||    94
Block: Other             |       |     3 ||     3
